 Dungeon Crawl Stone Soup version 0.28.0-45-g0d030f2227 (webtiles) character file.

Game seed: 742293437569453767

182 Bruhh the Magician (level 5, -4/35 HPs)
             Began as a Djinni Conjurer on Apr 23, 2022.
             Slain by a water moccasin skeleton (7 damage)
             ... on level 4 of the Dungeon.
             The game lasted 00:04:08 (3346 turns).

Bruhh the Magician (Djinni Conjurer)                Turns: 3346, Time: 00:04:09

Health: -4/35      AC:  2    Str:  6    XL:     5   Next: 93%
Gold:   76         EV: 12    Int: 22    God:
                   SH:  0    Dex: 11

rFire   + + .      SeeInvis .   k - +0 spear
rCold   x . .      Faith    .   (no shield)
rNeg    . . .      Spirit   .   a - +0 robe
rPois   ∞          Reflect  .   (no helmet)
rElec   .          Harm     .   (no cloak)
rCorr   .          Rampage  .   (no gloves)
Will    .....                   (boots unavailable)
Stlth   ++........              (no amulet)
HPRegen 0.11/turn               (no ring)
MPRegen 0.00/turn               (no ring)

@: flying
A: sickness immunity, fire resistance 2, cold vulnerability 1, float, innate
caster, HP casting, extra vitality 1
a: no special abilities


You were on level 4 of the Dungeon.
You visited 1 branch of the dungeon, and saw 4 of its levels.

You collected 76 gold pieces.

Inventory:

Hand Weapons
 k - a +0 spear (weapon)
Armour
 a - a +0 robe (worn)
Wands
 j - a wand of iceblast (11)
Scrolls
 b - 2 scrolls of magic mapping {unknown}
 c - 4 scrolls of immolation {unknown}
 d - 2 scrolls of enchant armour {unknown}
 f - a scroll of fear {unknown}
 g - a scroll of identify {unknown}
 h - a scroll of amnesia {unknown}
 l - a scroll of vulnerability {unknown}
 m - a scroll of teleportation {unknown}
Potions
 e - a potion of magic {unknown}
 i - 2 potions of curing {unknown}


   Skills:
 - Level 2.1 Dodging
 - Level 1.5 Stealth
 + Level 5.2 Spellcasting


You couldn't memorise any spells.
You knew the following spells:

 Your Spells              Type           Power      Damage    Failure   Level
a - Magic Dart            Conj           100%       1d8       1%          1
b - Searing Ray           Conj           58%        2d6       1%          2
c - Dazzling Flash        Conj/Hex       58%        N/A       3%          3
d - Fulminant Prism       Conj/Hex       14%        3d9       11%         4
e - Iskenderun's Mystic   Conj/Tloc      29%        2d7       11%         4
f - Apportation           Tloc           58%        N/A       1%          1
g - Wereblood             Tmut           29%        N/A       1%          2
Your spell library was empty.

Dungeon Overview and Level Annotations

Branches:
Dungeon (4/15)
 Temple: D:4-7

Altars:
Dithmenos
Sif Muna
Trog
Zin

Shops:
D:2 !

Annotations:
D:3 3 runed translucent doors, manix's ghost, amateur DrWz


Innate Abilities, Weirdness & Mutations

You are immune to sickness and miasma.
You are immune to poison.
Your flesh is very heat resistant. (rF++)
You are vulnerable to cold. (rC-)
You float through the air rather than walking.
You learn spells naturally, not from books.
Your magical power is your life essence.
You have superior vitality. (+4 MHP)


Message History

The magic dart hits the water moccasin skeleton.
The water moccasin skeleton is heavily damaged.
The magic dart hits the water moccasin skeleton.
The water moccasin skeleton is heavily damaged.
The water moccasin skeleton bites you.
The magic dart hits the water moccasin skeleton.
The water moccasin skeleton is heavily damaged.
The water moccasin skeleton bites you. x2
The magic dart hits the water moccasin skeleton.
The water moccasin skeleton is severely damaged.
The water moccasin skeleton closely misses you.
The magic dart hits the water moccasin skeleton.
The water moccasin skeleton is severely damaged.
The water moccasin skeleton barely misses you.
You are too injured to fight recklessly!
You hit the water moccasin skeleton.
The water moccasin skeleton is severely damaged.
The water moccasin skeleton bites you.
You hit the water moccasin skeleton but do no damage.
You punch the water moccasin skeleton, but do no damage.
The water moccasin skeleton is severely damaged.
The water moccasin skeleton closely misses you.
The water moccasin skeleton bites you!
* * * LOW HITPOINT WARNING * * *
You hit the water moccasin skeleton.
The water moccasin skeleton is almost destroyed.
The water moccasin skeleton closely misses you.
You barely miss the water moccasin skeleton.
The water moccasin skeleton is almost destroyed.
The water moccasin skeleton barely misses you.
You hit the water moccasin skeleton.
The water moccasin skeleton is almost destroyed.
The water moccasin skeleton bites you.
* * * LOW HITPOINT WARNING * * *
The water moccasin skeleton misses you.
Casting: Magic Dart (safe; 1% risk of failure)
Confirm with . or Enter, or press ? or * to list all spells.
Okay, then.
The water moccasin skeleton bites you!
You die...

# # .##. .≈≈≈≈≈≈ .
... .≈≈≈≈≈≈ ..##..
.≈≈≈≈≈≈ ......#
.≈≈≈≈≈≈
#......#####..≈≈≈≈≈
#..@Z..#....≈≈≈
........##........≈
...####.###<.......
. ...............
...........#...
.>$.......## #.
##.#..####.# #.....
.. ###. .##


You could see a water moccasin skeleton.

Vanquished Creatures
  Jessica (D:2)
  Ijyb (D:3)
  A hound skeleton (D:4)
  5 adders
  5 dart slugs
  2 orcs (D:4)
  3 bats
  10 endoplasms
  A giant cockroach (D:3)
  6 goblins
  2 hobgoblins (D:3)
  8 jackals
  A quokka (D:2)
  3 ball pythons
  A frilled lizard (D:2)
  4 kobolds
  6 rats
60 creatures vanquished.

Vanquished Creatures (others)
  10 plants (D:2)
10 creatures vanquished.

Grand Total: 70 creatures vanquished

Notes
Turn   | Place    | Note
-------+----------+-------------------------------------------
     0 | D:1      | Bruhh the Djinni Conjurer began the quest for the Orb.
     0 | D:1      | Reached XP level 1. HP: 15/15 MP: 0/0
   135 | D:1      | Reached XP level 2. HP: 15/21 MP: 0/0
   714 | D:1      | Reached XP level 3. HP: 22/25 MP: 0/0
   714 | D:1      | Learned a level 1 spell: Apportation
   984 | D:2      | Found Fuzeasoq's Distillery.
  1096 | D:2      | Reached skill level 4 in Spellcasting
  1309 | D:2      | Noticed Jessica
  1312 | D:2      | Killed Jessica
  1313 | D:2      | Reached XP level 4. HP: 28/31 MP: 0/0
  1900 | D:3      | Noticed manix's ghost (amateur DrWz)
  1900 | D:3      | Found a runed translucent gate.
  1900 | D:3      | Found a runed translucent gate.
  1900 | D:3      | Found a runed translucent gate.
  2059 | D:3      | Found a shadowy altar of Dithmenos.
  2311 | D:3      | Found a bloodstained altar of Trog.
  2317 | D:3      | Noticed Ijyb
  2323 | D:3      | Killed Ijyb
  2324 | D:3      | Reached XP level 5. HP: 24/35 MP: 0/0
  2324 | D:3      | Learned a level 2 spell: Wereblood
  2520 | D:3      | Reached skill level 5 in Spellcasting
  2730 | D:3      | Found a glowing silver altar of Zin.
  3346 | D:4      | Slain by a water moccasin skeleton

Illustrated notes

Levels and vault maps discovered:
D:1:      lightli_arrival_isolated_outpost, layout_rooms
D:2:      wad_lake_hut, layout_loops_ring, serial_shops,
          nicolae_shop_statue_plus, uniq_jessica
D:3:      layout_basic, mainiacjoe_overflow_brackets,
          mainiacjoe_overflow_alcove_4, nicolae_overflow_crystal_walls,
          mainiacjoe_overflow_concentric_impassable, gammafunk_ghost_split,
          uniq_ijyb
D:4:      layout_rooms, temple_pool_b, bh_walls_and_bars, uniq_robin

Skill      XL: |  1  2  3  4  5 |
---------------+----------------+-----
Spellcasting   | 4 5 |  5.2
Dodging        | |  2.1
Stealth        | |  1.5

Action                   |  1- 3 |  4- 6 || total
-------------------------+-------+-------++-------
Melee: Spear             |       |     9 ||     9
       Punch             |       |     1 ||     1
 Cast: Magic Dart        |    49 |    82 ||   131
       Searing Ray       |       |     1 ||     1
Armor: Robe              |       |     2 ||     2
Dodge: Dodged            |     1 |    29 ||    30
